Pick #1

Connor Bedard
Pick #2

Leo Carlsson
Pick #3

Adam Fantilli
Pick #4

Matvei Michkov
Pick #5

David Reinbacher
Pick #6

William Smith
Pick #7

Zachary Benson
Pick #8

Ryan Leonard
Pick #9

Gabriel Perreault
Pick #10

Axel Sandin-Pellika
Pick #11

Daniil But
Pick #12

Dalibor Dvorsky
Pick #13

Quentin Musty
Pick #14

Brayden Yager
Pick #15

Dmitry Simashev
Pick #16

Colby Barlow
Pick #17

Andrew Cristall
Pick #18

Easton Cowan
Pick #19

Jacob Fowler
Pick #20

Oliver Moore
Pick #21

Oliver Bonk
Pick #22

Tom Willander
Pick #23

Calum Ritchie
Pick #24

Tanner Molendyk
Pick #25

Gavin Brindley
Pick #26

Nate Danielson
Pick #27

Pick #28

Pick #29

Pick #30

Pick #31

Pick #32

Pick #33

Pick #34

Pick #35

Pick #36

Pick #37

Pick #38

Pick #39

Pick #40

Pick #41

Pick #42

Pick #43

Pick #44

Pick #45

Pick #46

Pick #47

Pick #48

Pick #49

Pick #50

Pick #51

Pick #52

Pick #53

Pick #54

Pick #55

Pick #56

Pick #57

Pick #58

Pick #59

Pick #60

Pick #61

Pick #62

Pick #63

Pick #64

Pick #65

Pick #66

Pick #67

Pick #68

Pick #69

Pick #70

Pick #71

Pick #72

Pick #73

Pick #74

Pick #75

Pick #76

Pick #77

Pick #78

Pick #79

Pick #80

Pick #81

Pick #82

Pick #83

Pick #84

Pick #85

Pick #86

Pick #87

Pick #88

Pick #89

Pick #90

Pick #91

Pick #92

Pick #93

Pick #94

Pick #95

Pick #96

Pick #97

Pick #98

Pick #99

Pick #100

Pick #101

Pick #102

Pick #103

Pick #104

Pick #105

Pick #106

Pick #107

Pick #108

Pick #109

Pick #110

Pick #111

Pick #112

Pick #113

Pick #114

Pick #115

Pick #116

Pick #117

Pick #118

Pick #119

Pick #120

Pick #121

Pick #122

Pick #123

Pick #124

Pick #125

Pick #126

Pick #127

Pick #128

Pick #129

Pick #130

Full Scoreboard »»

Lightning vs Sabres

Created - October 19, 2023 at 20:40

Goals
1 2 3 OT1 T
Lightning 0 2 1 1 4
Sabres 1 0 2 0 3
Shots
1 2 3 OT1 T
Lightning 8 17 10 3 38
Sabres 4 5 13 2 24

GoalsPenalties
1st period
1. Sabres , Brian Dumoulin 2 (Blake Coleman 3, Brenden Dillon 2) at 4:25 (PP)
Ben Chiarot (TBL) for Diving (Minor) at 2:26
Philippe Myers (BUF) for Holding (Minor) at 10:43
Ryan Strome (TBL) for Slashing (Minor) at 10:43
Brandon Montour (TBL) for Roughing (Minor) at 17:21
Ben Chiarot (TBL) for Tripping (Minor) at 17:34
2nd period
2. Lightning , Teddy Blueger 1 (Andrew Peeke 1, Dawson Mercer 2) at 4:30
3. Lightning , Patrice Bergeron 1 (Alex Killorn 1, Kevin Shattenkirk 2) at 17:32
Brandon Montour (TBL) for Interference (Minor) at 0:49
Brenden Dillon (BUF) for Interference (Minor) at 10:20
Juraj Slafkovsky (BUF) for High sticking (Minor) at 12:21
Andrew Peeke (TBL) for Hooking (Minor) at 14:38
3rd period
4. Sabres , Philippe Myers 1 (Juraj Slafkovsky 3, Corey Perry 2) at 2:45
5. Sabres , Jake Neighbours 1 (Philippe Myers 2, Mason Appleton 1) at 14:16 (PP)
6. Lightning , Brandon Montour 3 (William Karlsson 2) at 15:46 (PP)
Kevin Shattenkirk (TBL) for Goalie Interference (Minor) at 4:31
Joona Luoto (BUF) for Hooking (Minor) at 6:39
Alex Killorn (TBL) for Hooking (Minor) at 13:23
Milan Lucic (BUF) for Slashing (Minor) at 15:44
Barclay Goodrow (TBL) for Tripping (Minor) at 19:13
Overtime #1
7. Lightning , Jeff Skinner 1 (Patrice Bergeron 1, Ben Chiarot 2) at 2:21
No Penalty
Goalie Stats
Martin Jones (TBL), 21 saves from 24 shots - (0.875), W, 1-0-0, 62:22 minutes
James Reimer (BUF), 34 saves from 38 shots - (0.895), OTL, 1-1-1, 62:22 minutes
3 StarsOfficial
1 - Patrice Bergeron (TBL)
2 - Teddy Blueger (TBL)
3 - Philippe Myers (BUF)
Referees : Jean Hebert and Mike Duco
Linesman : Ken Bonham and Jesse Marquis
Game Note
No Game Note
Finance
Level 1 -- Attendance: 5618 (86.43%) -- Ticket Income $668,542
Level 2 -- Attendance: 3881 (77.62%) -- Ticket Income $384,219
Level 3 -- Attendance: 3322 (94.91%) -- Ticket Income $229,218
Level 4 -- Attendance: 2589 (84.33%) -- Ticket Income $126,861
Luxury Box -- Attendance: 977 (97.70%) -- Ticket Income $204,193
Game was played at the Buffalo Pete Center.
Total Attendance: 16387 (85.93%)
Total Ticket Income: $1,613,033
Other Income: $403,258
Total Income: $2,016,291



Team Name Goals Shots Shots Attemp Shots Blocked PIM HIT PP PK FO%
Lightning 43862718171 / 4 (25%)263%
Sabres 32451310232 / 8 (25%)137%

Lightning
Player Name POS G A P +/- PIM HIT SHT SB MP PP MP PP SHT PK MP PK SHT FO% FOT
Alex KillornLW0111224016:023:1110:1500% 1
Andrew PeekeD0111200111:290:0000:4500% 0
Barclay GoodrowC0000211011:400:0007:37147% 15
Ben ChiarotD0112412021:552:4903:2400% 0
Brandon MontourD101-1412225:373:1015:4500% 0
Brock NelsonC0001016116:103:1120:2200% 0
Dawson MercerC0111012011:240:0002:35150% 10
Erik HaulaLW0001020018:390:0008:2200% 1
Jeff SkinnerLW1010017019:132:4810:0000% 2
John KlingbergD000-1010226:513:1006:5700% 0
Kaiden GuhleD0001000114:370:0004:0300% 0
Kevin ShattenkirkD0111221022:312:4914:3600% 0
Patrice BergeronC1122005016:342:4800:00068% 28
Pierre EngvallLW000000004:040:0000:0000% 0
Ryan StromeC000020103:320:0000:000100% 4
Teddy BluegerC1011011014:360:0004:19050% 4
Tyler ToffoliRW000-1021018:042:4800:000100% 1
William KarlssonC011-1015018:273:1120:00079% 24
Sabres
Player Name POS G A P +/- PIM HIT SHT SB MP PP MP PP SHT PK MP PK SHT FO% FOT
Blake ColemanC011-1014021:115:5912:40030% 33
Brenden DillonD011-1252123:546:0601:4200% 0
Brett HowdenC000001007:530:0003:19033% 9
Brian DumoulinD101-2021025:566:0612:5600% 0
Corey PerryRW0110010017:405:4800:0000% 0
Jake NeighboursLW1010013018:385:4820:00050% 2
Jansen HarkinsC000-1011017:120:0003:19045% 20
Jesper FastRW0000001014:030:0002:4000% 0
John HaydenC000001004:590:2500:0000% 0
Jonathan DrouinLW000-2002020:445:5910:00075% 4
Joona LuotoLW000020004:330:0000:0000% 0
Juraj SlafkovskyLW0110251019:235:3400:000100% 1
Kaedan KorczakD0000003021:135:4123:0300% 0
Mason AppletonC0110002118:025:4810:00032% 19
Milan LucicLW000-1210012:250:0000:0000% 2
Philippe MyersD1120224119:345:4110:0000% 0
Tobias BjornfotD0000000015:530:0000:4100% 0
Victor SoderstromD0000020017:030:0003:3600% 0



Play-by-Play

1st period


0:01 of 1st period - William Karlsson wins face-off versus Blake Coleman in neutral zone.
0:09 of 1st period - Icing by Brenden Dillon.
0:10 of 1st period - Patrice Bergeron wins face-off versus Blake Coleman in Sabres zone.
0:20 of 1st period - Shot by Jake Neighbours.
0:20 of 1st period - Shot Misses the Net.
0:22 of 1st period - Shot by Brenden Dillon.
0:22 of 1st period - Stopped by Martin Jones without a rebound.
0:23 of 1st period - Jansen Harkins wins face-off versus Dawson Mercer in Lightning zone.
0:24 of 1st period - Shot by Philippe Myers.
0:24 of 1st period - Stopped by Martin Jones without a rebound.
0:25 of 1st period - Mason Appleton wins face-off versus Dawson Mercer in Lightning zone.
0:32 of 1st period - Shot by Juraj Slafkovsky.
0:32 of 1st period - Shot Blocked by Kaiden Guhle.
1:34 of 1st period - Icing by Philippe Myers.
1:35 of 1st period - Jansen Harkins wins face-off versus William Karlsson in Sabres zone.
1:35 of 1st period - Jansen Harkins is hit by Tyler Toffoli.
2:03 of 1st period - Shot by Jeff Skinner.
2:03 of 1st period - Stopped by James Reimer without a rebound.
2:04 of 1st period - Blake Coleman wins face-off versus Patrice Bergeron in Sabres zone.
2:04 of 1st period - Blake Coleman is hit by Alex Killorn.
2:21 of 1st period - Icing by Alex Killorn.
2:22 of 1st period - Patrice Bergeron wins face-off versus Brett Howden in Lightning zone.
2:26 of 1st period - Minor Penalty to Ben Chiarot for Diving.
2:27 of 1st period - Barclay Goodrow wins face-off versus Blake Coleman in Lightning zone.
2:47 of 1st period - Barclay Goodrow is hit by Blake Coleman and loses puck.
3:01 of 1st period - Icing by Blake Coleman.
3:02 of 1st period - Barclay Goodrow wins face-off versus Blake Coleman in Sabres zone.
3:11 of 1st period - Shot by Barclay Goodrow.
3:11 of 1st period - Stopped by James Reimer without a rebound.
3:12 of 1st period - Mason Appleton wins face-off versus Teddy Blueger in Sabres zone.
3:12 of 1st period - Mason Appleton is hit by Dawson Mercer.
3:42 of 1st period - Shot by Philippe Myers.
3:42 of 1st period - Shot Misses the Net.
3:44 of 1st period - Shot by Corey Perry.
3:44 of 1st period - Shot Blocked by Brandon Montour.
3:46 of 1st period - Shot by Philippe Myers.
3:46 of 1st period - Stopped by Martin Jones without a rebound.
3:47 of 1st period - Blake Coleman wins face-off versus Barclay Goodrow in Lightning zone.
4:25 of 1st period - Shot by Brian Dumoulin.
4:25 of 1st period - Goal by Brian Dumoulin - Lightning : 0 - Sabres : 1.
4:26 of 1st period - William Karlsson wins face-off versus Brett Howden in neutral zone.
4:35 of 1st period - Shot by William Karlsson.
4:35 of 1st period - Shot Misses the Net.
4:37 of 1st period - Shot by Ben Chiarot.
4:37 of 1st period - Shot Hit the Post.
4:39 of 1st period - Shot by Ben Chiarot.
4:39 of 1st period - Stopped by James Reimer without a rebound.
4:40 of 1st period - Patrice Bergeron wins face-off versus Blake Coleman in Sabres zone.
5:51 of 1st period - Shot by Jeff Skinner.
5:51 of 1st period - Shot Misses the Net.
5:53 of 1st period - Shot by Jeff Skinner.
5:53 of 1st period - Stopped by James Reimer without a rebound.
5:54 of 1st period - Ryan Strome wins face-off versus Jansen Harkins in Sabres zone.
6:33 of 1st period - Shot by Ryan Strome.
6:33 of 1st period - Stopped by James Reimer without a rebound.
6:34 of 1st period - William Karlsson wins face-off versus Mason Appleton in Sabres zone.
6:34 of 1st period - William Karlsson is hit by Brenden Dillon.
6:43 of 1st period - Jeff Skinner is hit by Brenden Dillon and loses puck.
7:40 of 1st period - Tobias Bjornfot is hit by Alex Killorn and loses puck.
8:25 of 1st period - Off-side.
8:26 of 1st period - Dawson Mercer wins face-off versus Blake Coleman in neutral zone.
8:40 of 1st period - Shot by Blake Coleman.
8:40 of 1st period - Shot Blocked by Andrew Peeke.
10:11 of 1st period - Brian Dumoulin is hit by Kevin Shattenkirk and loses puck.
10:18 of 1st period - Shot by Ben Chiarot.
10:18 of 1st period - Stopped by James Reimer without a rebound.
10:19 of 1st period - Ryan Strome wins face-off versus Mason Appleton in Sabres zone.
10:30 of 1st period - Pierre Engvall is hit by Juraj Slafkovsky.
10:37 of 1st period - Kevin Shattenkirk is hit by Philippe Myers and loses puck.
10:43 of 1st period - Minor Penalty to Philippe Myers for Holding.
10:43 of 1st period - Minor Penalty to Ryan Strome for Slashing.
10:44 of 1st period - Jansen Harkins wins face-off versus Teddy Blueger in Sabres zone.
11:46 of 1st period - John Klingberg is hit by Juraj Slafkovsky and loses puck.
13:02 of 1st period - William Karlsson is hit by Victor Soderstrom and loses puck.
14:18 of 1st period - Icing by Ben Chiarot.
14:19 of 1st period - Patrice Bergeron wins face-off versus Jansen Harkins in Lightning zone.
14:28 of 1st period - Shot by Alex Killorn.
14:28 of 1st period - Deflect By Brock Nelson.
14:28 of 1st period - Stopped by James Reimer without a rebound.
14:29 of 1st period - Ryan Strome wins face-off versus Blake Coleman in Sabres zone.
14:29 of 1st period - Kevin Shattenkirk is hit by Brenden Dillon and loses puck.
14:53 of 1st period - Ryan Strome is hit by Brenden Dillon and loses puck.
14:57 of 1st period - Barclay Goodrow is hit by Brian Dumoulin and loses puck.
15:24 of 1st period - Icing by Jesper Fast.
15:25 of 1st period - Patrice Bergeron wins face-off versus Blake Coleman in Sabres zone.
15:25 of 1st period - Brandon Montour is hit by Brenden Dillon.
15:37 of 1st period - Shot by Patrice Bergeron.
15:37 of 1st period - Shot Misses the Net.
15:39 of 1st period - Shot by Patrice Bergeron.
15:39 of 1st period - Shot Blocked by Brenden Dillon.
17:00 of 1st period - Corey Perry is hit by John Klingberg and loses puck.
17:16 of 1st period - Shot by Corey Perry.
17:16 of 1st period - Shot Blocked by John Klingberg.
17:21 of 1st period - Minor Penalty to Brandon Montour for Roughing.
17:22 of 1st period - Blake Coleman wins face-off versus Barclay Goodrow in Lightning zone.
17:34 of 1st period - Minor Penalty to Ben Chiarot for Tripping.
17:35 of 1st period - Jake Neighbours wins face-off versus Barclay Goodrow in Lightning zone.
18:57 of 1st period - Andrew Peeke is hit by Jake Neighbours and loses puck.
19:48 of 1st period - Shot by Tyler Toffoli.
19:48 of 1st period - Stopped by James Reimer without a rebound.
19:49 of 1st period - William Karlsson wins face-off versus Jansen Harkins in Sabres zone.
19:50 of 1st period - Shot by Jeff Skinner.
19:50 of 1st period - Shot Misses the Net.
Goals for this period are 0 for Lightning vs 1 for Sabres.
Shots for this period are 8 for Lightning vs 4 for Sabres.

2nd period


0:01 of 2nd period - William Karlsson wins face-off versus Jansen Harkins in neutral zone.
0:13 of 2nd period - Icing by Brenden Dillon.
0:14 of 2nd period - Dawson Mercer wins face-off versus Milan Lucic in Sabres zone.
0:30 of 2nd period - Icing by Jansen Harkins.
0:31 of 2nd period - William Karlsson wins face-off versus Jansen Harkins in Sabres zone.
0:49 of 2nd period - Minor Penalty to Brandon Montour for Interference.
0:50 of 2nd period - Barclay Goodrow wins face-off versus Mason Appleton in Lightning zone.
0:50 of 2nd period - Barclay Goodrow is hit by Corey Perry.
1:28 of 2nd period - Icing by Kaedan Korczak.
1:29 of 2nd period - Barclay Goodrow wins face-off versus Jake Neighbours in Sabres zone.
1:32 of 2nd period - Shot by Erik Haula.
1:32 of 2nd period - Shot Blocked by Mason Appleton.
1:58 of 2nd period - Shot by Brian Dumoulin.
1:58 of 2nd period - Shot Misses the Net.
2:22 of 2nd period - Erik Haula is hit by Juraj Slafkovsky and loses puck.
3:52 of 2nd period - Shot by Alex Killorn.
3:52 of 2nd period - Stopped by James Reimer without a rebound.
3:53 of 2nd period - Patrice Bergeron wins face-off versus Blake Coleman in Sabres zone.
4:16 of 2nd period - Shot by Patrice Bergeron.
4:16 of 2nd period - Stopped by James Reimer with a rebound.
4:18 of 2nd period - Shot by Brandon Montour.
4:18 of 2nd period - Stopped by James Reimer with a rebound.
4:26 of 2nd period - Shot by Patrice Bergeron.
4:26 of 2nd period - Stopped by James Reimer without a rebound.
4:27 of 2nd period - Dawson Mercer wins face-off versus Mason Appleton in Sabres zone.
4:30 of 2nd period - Shot by Teddy Blueger.
4:30 of 2nd period - Goal by Teddy Blueger - Lightning : 1 - Sabres : 1.
4:31 of 2nd period - William Karlsson wins face-off versus Mason Appleton in neutral zone.
4:46 of 2nd period - Shot by Corey Perry.
4:46 of 2nd period - Shot Misses the Net.
5:27 of 2nd period - Icing by Jeff Skinner.
5:28 of 2nd period - William Karlsson wins face-off versus Jansen Harkins in Lightning zone.
5:47 of 2nd period - Shot by Erik Haula.
5:47 of 2nd period - Shot Misses the Net.
5:49 of 2nd period - Shot by Dawson Mercer.
5:49 of 2nd period - Shot Misses the Net.
6:03 of 2nd period - Shot by Erik Haula.
6:03 of 2nd period - Deflect By Dawson Mercer.
6:03 of 2nd period - Stopped by James Reimer without a rebound.
6:04 of 2nd period - Blake Coleman wins face-off versus Patrice Bergeron in Sabres zone.
6:24 of 2nd period - Shot by Jesper Fast.
6:24 of 2nd period - Shot Misses the Net.
6:30 of 2nd period - Shot by Blake Coleman.
6:30 of 2nd period - Shot Blocked by Brock Nelson.
7:13 of 2nd period - Icing by Brenden Dillon.
7:14 of 2nd period - William Karlsson wins face-off versus Mason Appleton in Sabres zone.
7:37 of 2nd period - Shot by Brian Dumoulin.
7:37 of 2nd period - Shot Misses the Net.
7:39 of 2nd period - Shot by Brenden Dillon.
7:39 of 2nd period - Stopped by Martin Jones without a rebound.
7:40 of 2nd period - Dawson Mercer wins face-off versus Jansen Harkins in Lightning zone.
7:51 of 2nd period - Philippe Myers is hit by Teddy Blueger and loses puck.
8:13 of 2nd period - Shot by Jansen Harkins.
8:13 of 2nd period - Shot Misses the Net.
9:16 of 2nd period - Mason Appleton is hit by William Karlsson and loses puck.
9:24 of 2nd period - Brian Dumoulin is hit by Kevin Shattenkirk and loses puck.
9:28 of 2nd period - Icing by Ben Chiarot.
9:29 of 2nd period - Blake Coleman wins face-off versus William Karlsson in Lightning zone.
9:29 of 2nd period - Jesper Fast is hit by Ben Chiarot and loses puck.
9:41 of 2nd period - Shot by Jesper Fast.
9:41 of 2nd period - Shot Misses the Net.
10:03 of 2nd period - Shot by Jesper Fast.
10:03 of 2nd period - Stopped by Martin Jones with a rebound.
10:05 of 2nd period - Shot by Blake Coleman.
10:05 of 2nd period - Stopped by Martin Jones without a rebound.
10:06 of 2nd period - Jansen Harkins wins face-off versus Patrice Bergeron in Lightning zone.
10:19 of 2nd period - Shot by Brock Nelson.
10:19 of 2nd period - Stopped by James Reimer without a rebound.
10:20 of 2nd period - Dawson Mercer wins face-off versus Brett Howden in Sabres zone.
10:20 of 2nd period - Minor Penalty to Brenden Dillon for Interference.
10:21 of 2nd period - William Karlsson wins face-off versus Brett Howden in Sabres zone.
10:21 of 2nd period - William Karlsson is hit by Victor Soderstrom.
10:23 of 2nd period - Shot by Brandon Montour.
10:23 of 2nd period - Shot Misses the Net.
10:49 of 2nd period - Shot by William Karlsson.
10:49 of 2nd period - Stopped by James Reimer without a rebound.
10:50 of 2nd period - Brett Howden wins face-off versus Patrice Bergeron in Sabres zone.
11:18 of 2nd period - Jeff Skinner is hit by Brett Howden and loses puck.
11:39 of 2nd period - Shot by Alex Killorn.
11:39 of 2nd period - Deflect By Brock Nelson.
11:39 of 2nd period - Stopped by James Reimer without a rebound.
11:40 of 2nd period - William Karlsson wins face-off versus Blake Coleman in Sabres zone.
11:48 of 2nd period - Icing by Alex Killorn.
11:49 of 2nd period - William Karlsson wins face-off versus Blake Coleman in Lightning zone.
11:58 of 2nd period - Shot by William Karlsson.
11:58 of 2nd period - Stopped by James Reimer without a rebound.
11:59 of 2nd period - Patrice Bergeron wins face-off versus Blake Coleman in Sabres zone.
12:21 of 2nd period - Minor Penalty to Juraj Slafkovsky for High sticking.
12:22 of 2nd period - William Karlsson wins face-off versus Brett Howden in Sabres zone.
12:35 of 2nd period - Shot by Brock Nelson.
12:35 of 2nd period - Shot Misses the Net.
12:37 of 2nd period - Shot by Kevin Shattenkirk.
12:37 of 2nd period - Stopped by James Reimer without a rebound.
12:38 of 2nd period - Brett Howden wins face-off versus Patrice Bergeron in Sabres zone.
14:01 of 2nd period - Shot by Brock Nelson.
14:01 of 2nd period - Stopped by James Reimer without a rebound.
14:02 of 2nd period - Jansen Harkins wins face-off versus William Karlsson in Sabres zone.
14:27 of 2nd period - Shot by Teddy Blueger.
14:27 of 2nd period - Shot Blocked by Philippe Myers.
14:38 of 2nd period - Minor Penalty to Andrew Peeke for Hooking.
14:39 of 2nd period - Blake Coleman wins face-off versus Barclay Goodrow in Lightning zone.
15:30 of 2nd period - Shot by Mason Appleton.
15:30 of 2nd period - Shot Misses the Net.
15:38 of 2nd period - Shot by Dawson Mercer.
15:38 of 2nd period - Stopped by James Reimer without a rebound.
15:39 of 2nd period - Mason Appleton wins face-off versus Barclay Goodrow in Sabres zone.
15:39 of 2nd period - Mason Appleton is hit by Barclay Goodrow.
16:57 of 2nd period - Shot by Tyler Toffoli.
16:57 of 2nd period - Deflect By Jeff Skinner.
16:57 of 2nd period - Stopped by James Reimer without a rebound.
16:58 of 2nd period - Patrice Bergeron wins face-off versus Milan Lucic in Sabres zone.
17:24 of 2nd period - Shot by Jonathan Drouin.
17:24 of 2nd period - Stopped by Martin Jones with a rebound.
17:32 of 2nd period - Shot by Alex Killorn.
17:32 of 2nd period - Deflect By Patrice Bergeron.
17:32 of 2nd period - Goal by Patrice Bergeron - Lightning : 2 - Sabres : 1.
17:33 of 2nd period - William Karlsson wins face-off versus Blake Coleman in neutral zone.
17:52 of 2nd period - Shot by William Karlsson.
17:52 of 2nd period - Stopped by James Reimer without a rebound.
17:53 of 2nd period - Juraj Slafkovsky wins face-off versus Dawson Mercer in Sabres zone.
18:08 of 2nd period - Shot by Mason Appleton.
18:08 of 2nd period - Shot Misses the Net.
18:54 of 2nd period - Shot by Philippe Myers.
18:54 of 2nd period - Stopped by Martin Jones without a rebound.
18:55 of 2nd period - Jansen Harkins wins face-off versus William Karlsson in Lightning zone.
19:20 of 2nd period - Shot by Tyler Toffoli.
19:20 of 2nd period - Shot Misses the Net.
19:30 of 2nd period - Shot by Jeff Skinner.
19:30 of 2nd period - Deflect By Tyler Toffoli.
19:30 of 2nd period - Shot Misses the Net.
19:32 of 2nd period - Shot by William Karlsson.
19:32 of 2nd period - Stopped by James Reimer without a rebound.
19:33 of 2nd period - Blake Coleman wins face-off versus Patrice Bergeron in Sabres zone.
19:56 of 2nd period - Shot by Alex Killorn.
19:56 of 2nd period - Shot Misses the Net.
Goals for this period are 2 for Lightning vs 0 for Sabres.
Shots for this period are 17 for Lightning vs 5 for Sabres.

3rd period


0:01 of 3rd period - William Karlsson wins face-off versus Mason Appleton in neutral zone.
0:35 of 3rd period - William Karlsson is hit by Philippe Myers and loses puck.
0:51 of 3rd period - Icing by Tobias Bjornfot.
0:52 of 3rd period - Mason Appleton wins face-off versus Alex Killorn in Sabres zone.
0:52 of 3rd period - Mason Appleton is hit by Brock Nelson.
0:57 of 3rd period - Off-side.
0:58 of 3rd period - Patrice Bergeron wins face-off versus Blake Coleman in neutral zone.
1:03 of 3rd period - Shot by Brock Nelson.
1:03 of 3rd period - Shot Misses the Net.
1:07 of 3rd period - Shot by Alex Killorn.
1:07 of 3rd period - Stopped by James Reimer without a rebound.
1:08 of 3rd period - Jonathan Drouin wins face-off versus Dawson Mercer in Sabres zone.
1:08 of 3rd period - Jonathan Drouin is hit by Erik Haula.
1:54 of 3rd period - Brenden Dillon is hit by Erik Haula and loses puck.
2:29 of 3rd period - Shot by Jake Neighbours.
2:29 of 3rd period - Stopped by Martin Jones without a rebound.
2:30 of 3rd period - Tyler Toffoli wins face-off versus Mason Appleton in Lightning zone.
2:30 of 3rd period - Tyler Toffoli is hit by Juraj Slafkovsky.
2:36 of 3rd period - Mason Appleton is hit by Tyler Toffoli.
2:43 of 3rd period - Shot by Juraj Slafkovsky.
2:43 of 3rd period - Shot Blocked by John Klingberg.
2:45 of 3rd period - Shot by Philippe Myers.
2:45 of 3rd period - Goal by Philippe Myers - Lightning : 2 - Sabres : 2.
2:46 of 3rd period - Patrice Bergeron wins face-off versus Blake Coleman in neutral zone.
2:54 of 3rd period - Icing by Jesper Fast.
2:55 of 3rd period - William Karlsson wins face-off versus Blake Coleman in Sabres zone.
3:57 of 3rd period - Icing by Kaedan Korczak.
3:58 of 3rd period - Patrice Bergeron wins face-off versus Blake Coleman in Sabres zone.
4:01 of 3rd period - Shot by Alex Killorn.
4:01 of 3rd period - Stopped by James Reimer without a rebound.
4:02 of 3rd period - Patrice Bergeron wins face-off versus Jansen Harkins in Sabres zone.
4:31 of 3rd period - Minor Penalty to Kevin Shattenkirk for Goalie Interference.
4:32 of 3rd period - Barclay Goodrow wins face-off versus Mason Appleton in Lightning zone.
5:31 of 3rd period - Shot by Brian Dumoulin.
5:31 of 3rd period - Shot Misses the Net.
5:33 of 3rd period - Shot by Brian Dumoulin.
5:33 of 3rd period - Shot Misses the Net.
5:45 of 3rd period - Shot by Jonathan Drouin.
5:45 of 3rd period - Stopped by Martin Jones with a rebound.
5:47 of 3rd period - Shot by Brian Dumoulin.
5:47 of 3rd period - Shot Misses the Net.
5:49 of 3rd period - Shot by Blake Coleman.
5:49 of 3rd period - Stopped by Martin Jones without a rebound.
5:50 of 3rd period - Mason Appleton wins face-off versus Barclay Goodrow in Lightning zone.
5:57 of 3rd period - Shot by Jake Neighbours.
5:57 of 3rd period - Stopped by Martin Jones with a rebound.
5:59 of 3rd period - Shot by Mason Appleton.
5:59 of 3rd period - Stopped by Martin Jones without a rebound.
6:00 of 3rd period - Barclay Goodrow wins face-off versus Jonathan Drouin in Lightning zone.
6:08 of 3rd period - Icing by Jonathan Drouin.
6:09 of 3rd period - Blake Coleman wins face-off versus Barclay Goodrow in Sabres zone.
6:39 of 3rd period - Minor Penalty to Joona Luoto for Hooking.
6:40 of 3rd period - Patrice Bergeron wins face-off versus Brett Howden in Sabres zone.
6:45 of 3rd period - Shot by Jeff Skinner.
6:45 of 3rd period - Stopped by James Reimer without a rebound.
6:46 of 3rd period - Brett Howden wins face-off versus Patrice Bergeron in Sabres zone.
7:44 of 3rd period - Ben Chiarot is hit by Jansen Harkins and loses puck.
7:48 of 3rd period - Icing by Ben Chiarot.
7:49 of 3rd period - William Karlsson wins face-off versus Blake Coleman in Lightning zone.
8:08 of 3rd period - Shot by William Karlsson.
8:08 of 3rd period - Shot Misses the Net.
8:16 of 3rd period - Shot by Alex Killorn.
8:16 of 3rd period - Stopped by James Reimer with a rebound.
8:18 of 3rd period - Shot by William Karlsson.
8:18 of 3rd period - Shot Misses the Net.
8:20 of 3rd period - Shot by Ben Chiarot.
8:20 of 3rd period - Shot Misses the Net.
8:22 of 3rd period - Shot by William Karlsson.
8:22 of 3rd period - Shot Misses the Net.
8:24 of 3rd period - Shot by Kevin Shattenkirk.
8:24 of 3rd period - Shot Misses the Net.
10:50 of 3rd period - Shot by Jonathan Drouin.
10:50 of 3rd period - Shot Misses the Net.
11:06 of 3rd period - Shot by Victor Soderstrom.
11:06 of 3rd period - Shot Blocked by Brandon Montour.
11:08 of 3rd period - Shot by Kaedan Korczak.
11:08 of 3rd period - Shot Misses the Net.
11:10 of 3rd period - Shot by Kaedan Korczak.
11:10 of 3rd period - Stopped by Martin Jones with a rebound.
12:00 of 3rd period - Shot by Jeff Skinner.
12:00 of 3rd period - Shot Misses the Net.
12:06 of 3rd period - Shot by William Karlsson.
12:06 of 3rd period - Stopped by James Reimer without a rebound.
12:07 of 3rd period - Patrice Bergeron wins face-off versus Mason Appleton in Sabres zone.
12:07 of 3rd period - Brock Nelson is hit by Brian Dumoulin and loses puck.
12:16 of 3rd period - Shot by Patrice Bergeron.
12:16 of 3rd period - Deflect By Brock Nelson.
12:16 of 3rd period - Stopped by James Reimer without a rebound.
12:17 of 3rd period - Patrice Bergeron wins face-off versus Blake Coleman in Sabres zone.
12:24 of 3rd period - Shot by Patrice Bergeron.
12:24 of 3rd period - Stopped by James Reimer without a rebound.
12:25 of 3rd period - Patrice Bergeron wins face-off versus Mason Appleton in Sabres zone.
13:23 of 3rd period - Minor Penalty to Alex Killorn for Hooking.
13:24 of 3rd period - Barclay Goodrow wins face-off versus Blake Coleman in Lightning zone.
13:24 of 3rd period - Barclay Goodrow is hit by John Hayden.
13:48 of 3rd period - Shot by Kaedan Korczak.
13:48 of 3rd period - Stopped by Martin Jones without a rebound.
13:49 of 3rd period - Mason Appleton wins face-off versus Barclay Goodrow in Lightning zone.
13:52 of 3rd period - Shot by Kaedan Korczak.
13:52 of 3rd period - Shot Misses the Net.
13:54 of 3rd period - Shot by Kaedan Korczak.
13:54 of 3rd period - Stopped by Martin Jones with a rebound.
13:56 of 3rd period - Shot by Kaedan Korczak.
13:56 of 3rd period - Shot Misses the Net.
14:16 of 3rd period - Shot by Jake Neighbours.
14:16 of 3rd period - Goal by Jake Neighbours - Lightning : 2 - Sabres : 3.
14:17 of 3rd period - Jansen Harkins wins face-off versus Jeff Skinner in neutral zone.
14:37 of 3rd period - Icing by Ben Chiarot.
14:38 of 3rd period - Blake Coleman wins face-off versus Jeff Skinner in Lightning zone.
14:39 of 3rd period - Shot by Jesper Fast.
14:39 of 3rd period - Deflect By Blake Coleman.
14:39 of 3rd period - Stopped by Martin Jones without a rebound.
14:40 of 3rd period - Patrice Bergeron wins face-off versus Blake Coleman in Lightning zone.
15:01 of 3rd period - Shot by Brock Nelson.
15:01 of 3rd period - Stopped by James Reimer without a rebound.
15:02 of 3rd period - Jansen Harkins wins face-off versus William Karlsson in Sabres zone.
15:14 of 3rd period - Icing by William Karlsson.
15:15 of 3rd period - William Karlsson wins face-off versus Mason Appleton in Lightning zone.
15:15 of 3rd period - William Karlsson is hit by Juraj Slafkovsky.
15:25 of 3rd period - Mason Appleton is hit by Jeff Skinner and loses puck.
15:40 of 3rd period - Shot by Mason Appleton.
15:40 of 3rd period - Shot Misses the Net.
15:42 of 3rd period - Shot by Mason Appleton.
15:42 of 3rd period - Deflect By Juraj Slafkovsky.
15:42 of 3rd period - Stopped by Martin Jones without a rebound.
15:43 of 3rd period - Patrice Bergeron wins face-off versus Jansen Harkins in Lightning zone.
15:43 of 3rd period - Brandon Montour is hit by Milan Lucic and loses puck.
15:44 of 3rd period - Minor Penalty to Milan Lucic for Slashing.
15:45 of 3rd period - William Karlsson wins face-off versus Blake Coleman in Sabres zone.
15:46 of 3rd period - Shot by Brandon Montour.
15:46 of 3rd period - Goal by Brandon Montour - Lightning : 3 - Sabres : 3.
15:47 of 3rd period - Patrice Bergeron wins face-off versus Jansen Harkins in neutral zone.
16:16 of 3rd period - Jonathan Drouin is hit by Brandon Montour and loses puck.
17:07 of 3rd period - Shot by Mason Appleton.
17:07 of 3rd period - Stopped by Martin Jones with a rebound.
17:15 of 3rd period - Shot by Juraj Slafkovsky.
17:15 of 3rd period - Deflect By Mason Appleton.
17:15 of 3rd period - Shot Misses the Net.
18:03 of 3rd period - Shot by Jeff Skinner.
18:03 of 3rd period - Stopped by James Reimer without a rebound.
18:04 of 3rd period - Jansen Harkins wins face-off versus Dawson Mercer in Sabres zone.
19:06 of 3rd period - Icing by Jansen Harkins.
19:07 of 3rd period - Ryan Strome wins face-off versus Jansen Harkins in Sabres zone.
19:13 of 3rd period - Minor Penalty to Barclay Goodrow for Tripping.
19:14 of 3rd period - Teddy Blueger wins face-off versus Mason Appleton in Lightning zone.
19:52 of 3rd period - Off-side.
19:53 of 3rd period - Teddy Blueger wins face-off versus Blake Coleman in neutral zone.
Goals for this period are 1 for Lightning vs 2 for Sabres.
Shots for this period are 10 for Lightning vs 13 for Sabres.

Overtime #1


0:01 of 1st overtime period - Jonathan Drouin wins face-off versus Erik Haula in neutral zone.
0:32 of 1st overtime period - Shot by Jonathan Drouin.
0:32 of 1st overtime period - Shot Misses the Net.
1:12 of 1st overtime period - Shot by Jansen Harkins.
1:12 of 1st overtime period - Stopped by Martin Jones with a rebound.
1:30 of 1st overtime period - Shot by Patrice Bergeron.
1:30 of 1st overtime period - Stopped by James Reimer with a rebound.
1:32 of 1st overtime period - Shot by Patrice Bergeron.
1:32 of 1st overtime period - Shot Misses the Net.
1:34 of 1st overtime period - Shot by Jeff Skinner.
1:34 of 1st overtime period - Stopped by James Reimer without a rebound.
1:35 of 1st overtime period - Blake Coleman wins face-off versus Patrice Bergeron in Sabres zone.
1:47 of 1st overtime period - Icing by Patrice Bergeron.
1:48 of 1st overtime period - Jonathan Drouin wins face-off versus Patrice Bergeron in Lightning zone.
1:51 of 1st overtime period - Shot by Blake Coleman.
1:51 of 1st overtime period - Stopped by Martin Jones with a rebound.
2:11 of 1st overtime period - Shot by Jeff Skinner.
2:11 of 1st overtime period - Shot Misses the Net.
2:21 of 1st overtime period - Shot by Jeff Skinner.
2:21 of 1st overtime period - Goal by Jeff Skinner - Lightning : 4 - Sabres : 3.
Goals for this period are 1 for Lightning vs 0 for Sabres.
Shots for this period are 3 for Lightning vs 2 for Sabres.